Thunder vs Harfangs
(R1)
Created - 22 septembre 2014 at 19:03
Goals
|
| Thunder |
1 |
0 |
3 |
4 |
| Harfangs |
3 |
1 |
2 |
6 |
|
Shots
|
| Thunder |
15 |
8 |
12 |
35 |
| Harfangs |
12 |
9 |
6 |
27 |
|
1st period
1. Harfangs , Drew Shore 1 (Tomas Tatar, Dustin Jeffrey) at 3:39
2. Harfangs , Craig Smith 1 (Andrew Orpik) at 9:39
3. Harfangs , Roman Wick 1 (Peter Olvecky, Petri Kontiola) at 9:53
4. Thunder , Doug Janik 1 (Adam Hall, Dany Roussin) at 19:34 (PP)
Penalties :
Scott Parse (TRO) for Goalie Interference (Minor) at 4:35, Samuel Pahlsson (TRO) for Hooking (Minor) at 7:29, Adam Hall (TRO) for High sticking (Minor) at 9:56, Sasha Pokulok (BEA) for Roughing (Minor) at 13:56, Sasha Pokulok (BEA) for Hooking (Minor) at 18:22
2nd period
5. Harfangs , Kyle Palmieri 1 (Craig Smith, Andrew Orpik) at 13:22
Penalties :
Scott Parse (TRO) for High sticking (Minor) at 7:44, Ray Emery (BEA) for Slashing (Minor) at 10:58 - Dustin Jeffrey served the penalty, Ray Macias (TRO) for Holding Stick (Minor) at 15:48
3rd period
6. Thunder , Doug Janik 2 (Samuel Pahlsson) at 10:45 (PP)
7. Thunder , Scott Parse 1 (Dany Roussin) at 15:43 (SH)
8. Thunder , Casey Pierro-Zabotel 1 (Brandon Mashinter, Matt D'Agostini) at 17:48
9. Harfangs , Craig Smith 2 (Sasha Pokulok, Mark Giordano) at 18:42
10. Harfangs , Sasha Pokulok 1 (Alex Killorn, Ray Emery) at 19:35 (PP)
Penalties :
Peter Olvecky (BEA) for Hooking (Minor) at 0:51, Pierre-Alexandre Parenteau (TRO) for Tripping (Minor) at 7:31, Kyle Palmieri (BEA) for Hooking (Minor) at 9:47, Chris Kreider (BEA) for Tripping (Minor) at 10:29, Brandon Mashinter (TRO) for Hooking (Minor) at 15:05, Jeff Finger (TRO) for Tripping (Minor) at 18:59
Goalie Stats
Ben Bishop (TRO), 13 saves from 17 shots - (0,765), 33:22 minutes
Devan Dubnyk (TRO), 8 saves from 10 shots - (0,800), L, 0-1-0, 26:38 minutes
Ray Emery (BEA), 31 saves from 35 shots - (0,886), W, 1-0-0, 60:00 minutes
Players Stats for Thunder
Player Name G A P +/- PIM S H SB GA TA FO MP PP MP PK MP
------------------------------------------------------------------------------------
Adam Hall 0 1 1 -1 2 3 1 0 0 1 0/1 22:33 5:43 6:49
Brandon Mashinter 0 1 1 -2 2 2 3 0 1 3 7/14 14:21 0:00 3:41
Casey Pierro-Zabotel 1 0 1 -2 0 2 0 0 0 0 0/0 10:46 0:00 0:25
Dany Roussin 0 2 2 0 0 1 0 1 0 1 1/2 22:19 5:43 6:10
Daultan Leveillé 0 0 0 0 0 0 0 0 0 0 0/2 5:40 0:00 0:17
Derek Peltier 0 0 0 -1 0 0 0 2 0 1 0/0 20:50 3:25 6:14
Doug Janik 2 0 2 0 0 7 0 2 1 0 0/0 29:18 6:25 8:15
Jannik Hansen 0 0 0 0 0 0 0 0 0 0 0/0 0:19 0:09 0:00
Jeff Finger 0 0 0 0 2 4 0 0 1 0 0/0 28:51 6:25 7:49
Joey Ryan 0 0 0 -2 0 0 0 3 0 0 0/0 9:52 0:00 0:00
Mat Clark 0 0 0 -2 0 0 1 0 0 1 0/0 11:09 0:00 1:08
Matt D'Agostini 0 1 1 -2 0 4 1 0 2 0 0/0 10:51 0:09 0:00
Pierre-Alexandre Parente 0 0 0 -1 2 1 1 0 1 0 0/0 13:40 3:58 0:00
Ray Macias 0 0 0 -1 2 1 0 1 1 3 0/0 20:07 3:25 5:32
Robin Leblanc 0 0 0 0 0 1 1 0 0 0 0/0 6:13 0:09 0:00
Samuel Pahlsson 0 1 1 -1 2 5 5 0 1 0 25/37 25:27 5:43 6:32
Scott Parse 1 0 1 0 4 2 4 0 2 0 1/1 17:10 3:58 3:08
Tom Pyatt 0 0 0 -1 0 2 1 1 1 0 5/8 15:57 3:58 1:56
Players Stats for Harfangs
Player Name G A P +/- PIM S H SB GA TA FO MP PP MP PK MP
------------------------------------------------------------------------------------
Alex Killorn 0 1 1 -1 0 1 1 1 1 0 2/6 17:52 6:53 2:36
Alex Plante 0 0 0 0 0 0 0 0 0 0 0/0 0:00 0:00 0:00
Andrew Orpik 0 2 2 1 0 1 0 2 2 2 0/0 20:19 5:30 4:04
Angelo Esposito 0 0 0 0 0 0 0 0 0 0 0/0 0:00 0:00 0:00
Brandon Pirri 0 0 0 0 0 0 0 0 0 0 0/0 1:19 0:00 0:50
Brett Carson 0 0 0 1 0 0 0 3 0 1 0/0 20:19 5:30 4:04
Brian Lashoff 0 0 0 0 0 0 0 0 0 0 0/0 3:06 0:00 0:28
Chris Kreider 0 0 0 -1 2 4 5 0 1 1 0/1 18:56 6:53 3:36
Corey Cowick 0 0 0 0 0 0 0 0 0 0 0/0 2:05 0:00 0:51
Craig Smith 2 1 3 2 0 3 1 0 0 0 4/9 10:14 0:18 0:00
Drew Shore 1 0 1 1 0 1 0 0 0 0 1/4 5:43 0:00 0:00
Dustin Jeffrey 0 1 1 2 0 2 2 0 0 0 0/0 10:00 0:08 0:00
Dylan Olsen 0 0 0 0 0 0 0 0 0 0 0/0 2:35 0:00 0:00
Kyle Palmieri 1 0 1 2 2 1 0 0 1 1 1/1 9:42 0:08 0:00
Mark Giordano 0 1 1 2 0 0 0 1 0 1 0/0 29:11 8:59 5:46
Michal Repik 0 0 0 -1 0 0 0 0 0 1 0/0 14:34 6:53 0:00
Mike Hoffman 0 0 0 1 0 1 0 0 0 0 0/0 5:43 0:00 0:00
Nick Holden 0 0 0 0 0 0 0 0 0 0 0/0 10:06 0:00 2:11
Peter Olvecky 0 1 1 1 2 5 1 0 1 0 2/5 22:47 7:21 3:48
Petri Kontiola 0 1 1 1 0 2 0 0 0 1 16/37 24:16 7:28 5:21
Roman Wick 1 0 1 1 0 1 2 0 1 1 0/2 18:33 7:25 0:00
Sasha Pokulok 1 1 2 2 4 4 0 2 3 2 0/0 26:30 8:59 3:07
Tomas Tatar 0 1 1 1 0 1 0 1 0 0 0/0 8:04 0:00 2:21
Victor Bartley 0 0 0 0 0 0 0 0 0 0 0/0 7:55 0:00 0:00
3 Stars
1 - Craig Smith (BEA)
2 - Doug Janik (TRO)
3 - Roman Wick (BEA)
Power Play
Thunder - 2 on 6 Attempt(s) - 33,33%
Harfangs - 1 on 8 Attempt(s) - 12,50%
Penalty Kill
Thunder - 7 on 8 Attempt(s) - 87,50%
- Score 1 goal in Penalty Kill
Harfangs - 4 on 6 Attempt(s) - 66,67%
- Score 0 goal in Penalty Kill
Official
Referees : Lee Chris and Banfield David
Linesman : Jean Morin and Pierre Champoux
Game Notes
Devan Dubnyk enters game at 13:22 of 2nd period
Finance
Level 1 -- Attendance: 1563 (78,15%) -- Ticket Income 46 890 $
Level 2 -- Attendance: 770 (77,00%) -- Ticket Income 11 550 $
Total Attendance: 2333 (77,77%)
Total Ticket Income: 58 440 $
Other Income: 2 922 $
Total Income: 61 362 $
Thunder
5 vs 5 Forward
Center Left Wing Right Wing Time % Phy DF OF
1 Samuel Pahlsson Dany Roussin Adam Hall 40 1 2 2
2 Tom Pyatt Scott Parse Pierre-Alexandre Parentea30 1 2 2
3 Brandon Mashinter Casey Pierro-Zabotel Matt D'Agostini 20 1 2 2
4 Daultan Leveillé Samuel Pahlsson Robin Leblanc 10 1 2 2
5 vs 5 Defense
Defense Defense Time % Phy DF OF
1 Doug Janik Jeff Finger 40 1 2 2
2 Ray Macias Derek Peltier 30 1 2 2
3 Joey Ryan Mat Clark 20 1 2 2
4 Doug Janik Jeff Finger 10 1 2 2
PowerPlay Forward
Center Left Wing Right Wing Time % Phy DF OF
1 Samuel Pahlsson Dany Roussin Adam Hall 60 1 2 2
2 Tom Pyatt Scott Parse Pierre-Alexandre Parentea40 1 2 2
PowerPlay Defense
Defense Defense Time % Phy DF OF
1 Doug Janik Jeff Finger 60 1 2 2
2 Ray Macias Derek Peltier 40 1 2 2
Penalty Kill 4 Players Forward
Center Wing Time % Phy DF OF
1 Samuel Pahlsson Adam Hall 60 1 2 2
2 Dany Roussin Scott Parse 40 1 2 2
Penalty Kill 4 Players Defense
Defense Defense Time % Phy DF OF
1 Doug Janik Jeff Finger 60 1 2 2
2 Ray Macias Derek Peltier 40 1 2 2
Penalty Kill - 3 Players Forward
Forward Time % Phy DF OF
1 Samuel Pahlsson 60 1 2 2
2 Adam Hall 40 1 2 2
Penalty Kill - 3 Players Defense
Defense Defense Time % Phy DF OF
1 Doug Janik Jeff Finger 60 1 2 2
2 Ray Macias Derek Peltier 40 1 2 2
4 vs 4 Forward
Center Wing Time % Phy DF OF
1 Samuel Pahlsson Adam Hall 60 1 2 2
2 Dany Roussin Scott Parse 40 1 2 2
4 vs 4 Defense
Defense Defense Time % Phy DF OF
1 Doug Janik Jeff Finger 60 1 2 2
2 Ray Macias Derek Peltier 40 1 2 2
Last Minutes Offensive
Center Left Wing Right Wing Defense Defense
Samuel Pahlsson Dany Roussin Adam Hall Doug Janik Jeff Finger
Last Minutes Defensive
Center Left Wing Right Wing Defense Defense
Samuel Pahlsson Dany Roussin Adam Hall Doug Janik Jeff Finger
Goaltenders
Starting : Ben Bishop
Backup : Devan Dubnyk
Extra Forwards
Normal : Matt D'Agostini, Robin Leblanc, Brandon Mashinter - PP : Matt D'Agostini, Robin Leblanc - PK : Brandon Mashinter
Extra Defensemen
Normal : Joey Ryan, Mat Clark, Ray Macias - PP : Joey Ryan - PK : Mat Clark, Ray Macias
Penalty Shots
Samuel Pahlsson, Adam Hall, Dany Roussin, Scott Parse, Pierre-Alexandre Parenteau
Harfangs
5 vs 5 Forward
Center Left Wing Right Wing Time % Phy DF OF
1 Petri Kontiola Peter Olvecky Roman Wick 40 1 2 2
2 Alex Killorn Chris Kreider Michal Repik 30 1 2 2
3 Craig Smith Dustin Jeffrey Kyle Palmieri 20 1 2 2
4 Drew Shore Tomas Tatar Mike Hoffman 10 1 2 2
5 vs 5 Defense
Defense Defense Time % Phy DF OF
1 Mark Giordano Sasha Pokulok 40 1 2 2
2 Brett Carson Andrew Orpik 30 1 2 2
3 Victor Bartley Nick Holden 20 1 2 2
4 Brian Lashoff Dylan Olsen 10 1 2 2
PowerPlay Forward
Center Left Wing Right Wing Time % Phy DF OF
1 Petri Kontiola Peter Olvecky Roman Wick 60 1 2 2
2 Alex Killorn Chris Kreider Michal Repik 40 1 2 2
PowerPlay Defense
Defense Defense Time % Phy DF OF
1 Mark Giordano Sasha Pokulok 60 1 2 2
2 Brett Carson Andrew Orpik 40 1 2 2
Penalty Kill 4 Players Forward
Center Wing Time % Phy DF OF
1 Petri Kontiola Peter Olvecky 60 1 2 2
2 Alex Killorn Chris Kreider 40 1 2 2
Penalty Kill 4 Players Defense
Defense Defense Time % Phy DF OF
1 Mark Giordano Sasha Pokulok 60 1 2 2
2 Brett Carson Andrew Orpik 40 1 2 2
Penalty Kill - 3 Players Forward
Forward Time % Phy DF OF
1 Petri Kontiola 60 1 2 2
2 Peter Olvecky 40 1 2 2
Penalty Kill - 3 Players Defense
Defense Defense Time % Phy DF OF
1 Mark Giordano Sasha Pokulok 60 1 2 2
2 Brett Carson Andrew Orpik 40 1 2 2
4 vs 4 Forward
Center Wing Time % Phy DF OF
1 Petri Kontiola Peter Olvecky 60 1 2 2
2 Alex Killorn Chris Kreider 40 1 2 2
4 vs 4 Defense
Defense Defense Time % Phy DF OF
1 Mark Giordano Sasha Pokulok 60 1 2 2
2 Brett Carson Andrew Orpik 40 1 2 2
Last Minutes Offensive
Center Left Wing Right Wing Defense Defense
Petri Kontiola Peter Olvecky Roman Wick Mark Giordano Sasha Pokulok
Last Minutes Defensive
Center Left Wing Right Wing Defense Defense
Petri Kontiola Peter Olvecky Roman Wick Mark Giordano Sasha Pokulok
Goaltenders
Starting : Ray Emery
Backup : Marek Schwarz
Extra Forwards
Normal : Craig Smith, Dustin Jeffrey, Tomas Tatar - PP : Craig Smith, Dustin Jeffrey - PK : Tomas Tatar
Extra Defensemen
Normal : Victor Bartley, Nick Holden, Brian Lashoff - PP : Victor Bartley - PK : Nick Holden, Brian Lashoff
Penalty Shots
Petri Kontiola, Peter Olvecky, Alex Killorn, Chris Kreider, Craig Smith
% Time on Ice - Thunder
Lines # - Real PCT - Wanted PCT - Time Play
Normal Forward
1 - 29% - 40% - 10:24
2 - 27% - 30% - 9:29
3 - 29% - 20% - 10:21
4 - 15% - 10% - 5:22
Normal Defense
1 - 37% - 40% - 13:09
2 - 31% - 30% - 11:11
3 - 28% - 20% - 9:52
4 - 4% - 10% - 1:24
PP Forward
1 - 60% - 60% - 5:52
2 - 40% - 40% - 3:58
PP Defense
1 - 65% - 60% - 6:25
2 - 35% - 40% - 3:25
PK Forward
1 - 70% - 60% - 10:10
2 - 30% - 40% - 4:19
PK Defense
1 - 57% - 60% - 8:15
2 - 43% - 40% - 6:14
PK3 Forward
1 - 0% - 60%
2 - 0% - 40%
PK3 Defense
1 - 0% - 60%
2 - 0% - 40%
44 Forward
1 - 0% - 60%
2 - 0% - 40%
44 Defense
1 - 0% - 60%
2 - 0% - 40%
Last Minute Offensive - 0:05
Last Minute Defensive - 0:00
Total
Forward - 60:00
Defense - 60:00
|
% Time on Ice - Harfangs
Lines # - Real PCT - Wanted PCT - Time Play
Normal Forward
1 - 34% - 40% - 12:12
2 - 24% - 30% - 8:23
3 - 26% - 20% - 9:18
4 - 16% - 10% - 5:43
Normal Defense
1 - 40% - 40% - 14:21
2 - 30% - 30% - 10:45
3 - 22% - 20% - 7:55
4 - 7% - 10% - 2:35
PP Forward
1 - 52% - 60% - 7:36
2 - 48% - 40% - 6:53
PP Defense
1 - 62% - 60% - 8:59
2 - 38% - 40% - 5:30
PK Forward
1 - 73% - 60% - 6:58
2 - 27% - 40% - 2:36
PK Defense
1 - 57% - 60% - 5:30
2 - 43% - 40% - 4:04
PK3 Forward
1 - 100% - 60% - 0:16
2 - 0% - 40% - 0:00
PK3 Defense
1 - 100% - 60% - 0:16
2 - 0% - 40% - 0:00
44 Forward
1 - 0% - 60%
2 - 0% - 40%
44 Defense
1 - 0% - 60%
2 - 0% - 40%
Last Minute Offensive - 0:00
Last Minute Defensive - 0:05
Total
Forward - 60:00
Defense - 60:00
|
Play by Play
1st period
0:01 of 1st period - Petri Kontiola wins face-off versus Samuel Pahlsson in neutral zone.
0:25 of 1st period - Sasha Pokulok is hit by Tom Pyatt and loses puck.
0:44 of 1st period - Slapshot by Derek Peltier.
0:44 of 1st period - Shot Blocked by Brett Carson.
0:46 of 1st period - Wrist shot by Brandon Mashinter.
0:46 of 1st period - Shot Blocked by Andrew Orpik.
0:48 of 1st period - Wrist shot by Matt D'Agostini.
0:48 of 1st period - Stopped by Ray Emery with a rebound.
2:04 of 1st period - Snap shot by Matt D'Agostini.
2:04 of 1st period - Deflect By Casey Pierro-Zabotel.
2:04 of 1st period - Stopped by Ray Emery with a rebound.
2:37 of 1st period - Icing by Drew Shore.
2:38 of 1st period - Petri Kontiola wins face-off versus Daultan Leveillé in Harfangs zone.
3:01 of 1st period - Nick Holden is hit by Scott Parse and loses puck.
3:39 of 1st period - Snap shot by Drew Shore.
3:39 of 1st period - Goal by Drew Shore - Thunder : 0 - Harfangs : 1.
3:40 of 1st period - Samuel Pahlsson wins face-off versus Petri Kontiola in neutral zone.
3:49 of 1st period - Slapshot by Dany Roussin.
3:49 of 1st period - Shot Misses the Net.
3:51 of 1st period - Slapshot by Jeff Finger.
3:51 of 1st period - Stopped by Ray Emery with a rebound.
3:53 of 1st period - Snap shot by Samuel Pahlsson.
3:53 of 1st period - Stopped by Ray Emery without a rebound.
3:54 of 1st period - Peter Olvecky wins face-off versus Samuel Pahlsson in Harfangs zone.
3:54 of 1st period - Peter Olvecky is hit by Samuel Pahlsson.
4:20 of 1st period - Mark Giordano is hit by Scott Parse and loses puck.
4:35 of 1st period - Minor Penalty to Scott Parse for Goalie Interference.
4:36 of 1st period - Petri Kontiola wins face-off versus Samuel Pahlsson in Thunder zone.
4:37 of 1st period - Wrist shot by Roman Wick.
4:37 of 1st period - Deflect By Peter Olvecky.
4:37 of 1st period - Stopped by Ben Bishop with a rebound.
4:39 of 1st period - Slapshot by Mark Giordano.
4:39 of 1st period - Shot Blocked by Derek Peltier.
5:01 of 1st period - Derek Peltier is hit by Chris Kreider and loses puck.
6:35 of 1st period - Penalty to Scott Parse is over, Scott Parse is back on ice.
6:42 of 1st period - Snap shot by Scott Parse.
6:42 of 1st period - Shot Misses the Net.
6:44 of 1st period - Snap shot by Tom Pyatt.
6:44 of 1st period - Shot Misses the Net.
6:46 of 1st period - Snap shot by Tom Pyatt.
6:46 of 1st period - Stopped by Ray Emery with a rebound.
6:48 of 1st period - Snap shot by Scott Parse.
6:48 of 1st period - Stopped by Ray Emery without a rebound.
6:49 of 1st period - Brandon Mashinter wins face-off versus Drew Shore in Harfangs zone.
6:54 of 1st period - Slapshot by Brandon Mashinter.
6:54 of 1st period - Shot Misses the Net.
7:00 of 1st period - Drew Shore is hit by Brandon Mashinter.
7:12 of 1st period - Wrist shot by Tomas Tatar.
7:12 of 1st period - Stopped by Ben Bishop without a rebound.
7:13 of 1st period - Petri Kontiola wins face-off versus Samuel Pahlsson in Thunder zone.
7:20 of 1st period - Snap shot by Roman Wick.
7:20 of 1st period - Shot Blocked by Joey Ryan.
7:22 of 1st period - Snap shot by Petri Kontiola.
7:22 of 1st period - Shot Misses the Net.
7:26 of 1st period - Slapshot by Peter Olvecky.
7:26 of 1st period - Deflect By Petri Kontiola.
7:26 of 1st period - Shot Misses the Net.
7:26 of 1st period - Puck is out of play.
7:27 of 1st period - Samuel Pahlsson wins face-off versus Alex Killorn in Thunder zone.
7:29 of 1st period - Minor Penalty to Samuel Pahlsson for Hooking.
7:30 of 1st period - Peter Olvecky wins face-off versus Brandon Mashinter in Thunder zone.
7:46 of 1st period - Slapshot by Petri Kontiola.
7:46 of 1st period - Stopped by Ben Bishop with a rebound.
8:10 of 1st period - Slapshot by Chris Kreider.
8:10 of 1st period - Stopped by Ben Bishop with a rebound.
8:28 of 1st period - Michal Repik is hit by Brandon Mashinter and loses puck.
9:29 of 1st period - Penalty to Samuel Pahlsson is over, Samuel Pahlsson is back on ice.
9:39 of 1st period - Wrist shot by Craig Smith.
9:39 of 1st period - Goal by Craig Smith - Thunder : 0 - Harfangs : 2.
9:40 of 1st period - Tom Pyatt wins face-off versus Petri Kontiola in neutral zone.
9:49 of 1st period - Snap shot by Peter Olvecky.
9:49 of 1st period - Shot Blocked by Ray Macias.
9:51 of 1st period - Backhand shot by Peter Olvecky.
9:51 of 1st period - Shot Blocked by Derek Peltier.
9:53 of 1st period - Snap shot by Roman Wick.
9:53 of 1st period - Goal by Roman Wick - Thunder : 0 - Harfangs : 3.
9:54 of 1st period - Samuel Pahlsson wins face-off versus Petri Kontiola in neutral zone.
9:56 of 1st period - Minor Penalty to Adam Hall for High sticking.
9:57 of 1st period - Samuel Pahlsson wins face-off versus Petri Kontiola in Thunder zone.
10:12 of 1st period - Wrist shot by Peter Olvecky.
10:12 of 1st period - Stopped by Ben Bishop with a rebound.
10:22 of 1st period - Scott Parse is hit by Chris Kreider and loses puck.
11:56 of 1st period - Penalty to Adam Hall is over, Adam Hall is back on ice.
12:22 of 1st period - Snap shot by Adam Hall.
12:22 of 1st period - Stopped by Ray Emery without a rebound.
12:23 of 1st period - Drew Shore wins face-off versus Brandon Mashinter in Harfangs zone.
12:48 of 1st period - Dustin Jeffrey is hit by Samuel Pahlsson and loses puck.
13:20 of 1st period - Derek Peltier is hit by Chris Kreider and loses puck.
13:25 of 1st period - Wrist shot by Samuel Pahlsson.
13:25 of 1st period - Shot Blocked by Brett Carson.
13:27 of 1st period - Slapshot by Ray Macias.
13:27 of 1st period - Stopped by Ray Emery with a rebound.
13:29 of 1st period - Wrist shot by Samuel Pahlsson.
13:29 of 1st period - Stopped by Ray Emery with a rebound.
13:41 of 1st period - Snap shot by Samuel Pahlsson.
13:41 of 1st period - Stopped by Ray Emery with a rebound.
13:43 of 1st period - Slapshot by Derek Peltier.
13:43 of 1st period - Shot Blocked by Brett Carson.
13:45 of 1st period - Snap shot by Samuel Pahlsson.
13:45 of 1st period - Shot Blocked by Andrew Orpik.
13:51 of 1st period - Wrist shot by Robin Leblanc.
13:51 of 1st period - Stopped by Ray Emery with a rebound.
13:53 of 1st period - Slapshot by Ray Macias.
13:53 of 1st period - Deflect By Robin Leblanc.
13:53 of 1st period - Shot Misses the Net.
13:53 of 1st period - Puck is out of play.
13:54 of 1st period - Petri Kontiola wins face-off versus Tom Pyatt in Harfangs zone.
13:56 of 1st period - Minor Penalty to Sasha Pokulok for Roughing.
13:57 of 1st period - Scott Parse wins face-off versus Petri Kontiola in Harfangs zone.
14:20 of 1st period - Icing by Jeff Finger.
14:21 of 1st period - Petri Kontiola wins face-off versus Tom Pyatt in Thunder zone.
15:56 of 1st period - Penalty to Sasha Pokulok is over, Sasha Pokulok is back on ice.
16:10 of 1st period - Snap shot by Dustin Jeffrey.
16:10 of 1st period - Stopped by Ben Bishop without a rebound.
16:11 of 1st period - Craig Smith wins face-off versus Brandon Mashinter in Thunder zone.
16:24 of 1st period - Snap shot by Matt D'Agostini.
16:24 of 1st period - Stopped by Ray Emery with a rebound.
17:03 of 1st period - Wrist shot by Brandon Mashinter.
17:03 of 1st period - Stopped by Ray Emery with a rebound.
17:06 of 1st period - Icing by Chris Kreider.
17:07 of 1st period - Alex Killorn wins face-off versus Brandon Mashinter in Harfangs zone.
17:07 of 1st period - Alex Killorn is hit by Brandon Mashinter.
17:31 of 1st period - Snap shot by Chris Kreider.
17:31 of 1st period - Stopped by Ben Bishop with a rebound.
17:41 of 1st period - Wrist shot by Peter Olvecky.
17:41 of 1st period - Shot Misses the Net.
17:43 of 1st period - Wrist shot by Peter Olvecky.
17:43 of 1st period - Shot Misses the Net.
17:55 of 1st period - Slapshot by Sasha Pokulok.
17:55 of 1st period - Shot Misses the Net.
17:57 of 1st period - Slapshot by Sasha Pokulok.
17:57 of 1st period - Deflect By Scott Parse.
17:57 of 1st period - Stopped by Ben Bishop with a rebound.
17:59 of 1st period - Slapshot by Sasha Pokulok.
17:59 of 1st period - Stopped by Ben Bishop without a rebound.
18:00 of 1st period - Samuel Pahlsson wins face-off versus Drew Shore in Thunder zone.
18:09 of 1st period - Mark Giordano is hit by Samuel Pahlsson and loses puck.
18:22 of 1st period - Minor Penalty to Sasha Pokulok for Hooking.
18:23 of 1st period - Samuel Pahlsson wins face-off versus Petri Kontiola in Harfangs zone.
19:00 of 1st period - Snap shot by Adam Hall.
19:00 of 1st period - Stopped by Ray Emery with a rebound.
19:30 of 1st period - Snap shot by Dany Roussin.
19:30 of 1st period - Shot Blocked by Alex Killorn.
19:32 of 1st period - Wrist shot by Adam Hall.
19:32 of 1st period - Shot Misses the Net.
19:34 of 1st period - Slapshot by Doug Janik.
19:34 of 1st period - Goal by Doug Janik - Thunder : 1 - Harfangs : 3.
19:35 of 1st period - Tom Pyatt wins face-off versus Peter Olvecky in neutral zone.
19:35 of 1st period - Scott Parse is hit by Roman Wick.
Goals for this period are 1 for Thunder vs 3 for Harfangs.
Shots for this period are 15 for Thunder vs 12 for Harfangs.
2nd period
0:01 of 2nd period - Samuel Pahlsson wins face-off versus Peter Olvecky in neutral zone.
0:51 of 2nd period - Off-side.
0:52 of 2nd period - Petri Kontiola wins face-off versus Samuel Pahlsson in neutral zone.
1:17 of 2nd period - Alex Killorn is hit by Scott Parse and loses puck.
2:21 of 2nd period - Wrist shot by Scott Parse.
2:21 of 2nd period - Shot Misses the Net.
2:23 of 2nd period - Slapshot by Ray Macias.
2:23 of 2nd period - Shot Blocked by Tomas Tatar.
2:25 of 2nd period - Wrist shot by Scott Parse.
2:25 of 2nd period - Shot Misses the Net.
2:45 of 2nd period - Chris Kreider is hit by Samuel Pahlsson and loses puck.
4:13 of 2nd period - Adam Hall is hit by Dustin Jeffrey and loses puck.
4:20 of 2nd period - Mark Giordano is hit by Robin Leblanc and loses puck.
4:37 of 2nd period - Snap shot by Peter Olvecky.
4:37 of 2nd period - Stopped by Ben Bishop with a rebound.
4:39 of 2nd period - Snap shot by Peter Olvecky.
4:39 of 2nd period - Shot Misses the Net.
4:41 of 2nd period - Slapshot by Sasha Pokulok.
4:41 of 2nd period - Stopped by Ben Bishop with a rebound.
5:58 of 2nd period - Snap shot by Chris Kreider.
5:58 of 2nd period - Stopped by Ben Bishop with a rebound.
6:00 of 2nd period - Slapshot by Andrew Orpik.
6:00 of 2nd period - Shot Misses the Net.
6:02 of 2nd period - Snap shot by Alex Killorn.
6:02 of 2nd period - Shot Misses the Net.
6:04 of 2nd period - Wrist shot by Chris Kreider.
6:04 of 2nd period - Deflect By Michal Repik.
6:04 of 2nd period - Shot Misses the Net.
6:04 of 2nd period - Puck is out of play.
6:05 of 2nd period - Tom Pyatt wins face-off versus Petri Kontiola in Thunder zone.
6:32 of 2nd period - Adam Hall is hit by Chris Kreider and loses puck.
6:39 of 2nd period - Snap shot by Alex Killorn.
6:39 of 2nd period - Shot Blocked by Dany Roussin.
6:41 of 2nd period - Slapshot by Chris Kreider.
6:41 of 2nd period - Deflect By Adam Hall.
6:41 of 2nd period - Shot Blocked by Joey Ryan.
6:41 of 2nd period - Puck is out of play.
6:42 of 2nd period - Tom Pyatt wins face-off versus Petri Kontiola in Thunder zone.
6:48 of 2nd period - Off-side.
6:49 of 2nd period - Petri Kontiola wins face-off versus Tom Pyatt in neutral zone.
7:02 of 2nd period - Snap shot by Pierre-Alexandre Parenteau.
7:02 of 2nd period - Shot Misses the Net.
7:04 of 2nd period - Slapshot by Doug Janik.
7:04 of 2nd period - Stopped by Ray Emery with a rebound.
7:40 of 2nd period - Snap shot by Peter Olvecky.
7:40 of 2nd period - Shot Blocked by Tom Pyatt.
7:42 of 2nd period - Slapshot by Petri Kontiola.
7:42 of 2nd period - Stopped by Ben Bishop with a rebound.
7:44 of 2nd period - Minor Penalty to Scott Parse for High sticking.
7:45 of 2nd period - Samuel Pahlsson wins face-off versus Alex Killorn in Thunder zone.
8:21 of 2nd period - Icing by Sasha Pokulok.
8:22 of 2nd period - Alex Killorn wins face-off versus Adam Hall in Harfangs zone.
9:44 of 2nd period - Penalty to Scott Parse is over, Scott Parse is back on ice.
10:52 of 2nd period - Icing by Tomas Tatar.
10:53 of 2nd period - Tom Pyatt wins face-off versus Craig Smith in Harfangs zone.
10:56 of 2nd period - Snap shot by Scott Parse.
10:56 of 2nd period - Shot Misses the Net.
10:58 of 2nd period - Slapshot by Tom Pyatt.
10:58 of 2nd period - Stopped by Ray Emery without a rebound.
10:58 of 2nd period - Minor Penalty to Ray Emery for Slashing.
10:59 of 2nd period - Samuel Pahlsson wins face-off versus Petri Kontiola in Harfangs zone.
12:33 of 2nd period - Doug Janik is hit by Chris Kreider.
12:58 of 2nd period - Penalty to Dustin Jeffrey is over, Dustin Jeffrey is back on ice.
12:59 of 2nd period - Brett Carson is hit by Matt D'Agostini and loses puck.
13:22 of 2nd period - Wrist shot by Kyle Palmieri.
13:22 of 2nd period - Goal by Kyle Palmieri - Thunder : 1 - Harfangs : 4.
13:22 of 2nd period - Devan Dubnyk enters game.
13:23 of 2nd period - Samuel Pahlsson wins face-off versus Roman Wick in neutral zone.
13:28 of 2nd period - Wrist shot by Samuel Pahlsson.
13:28 of 2nd period - Shot Misses the Net.
13:36 of 2nd period - Snap shot by Adam Hall.
13:36 of 2nd period - Stopped by Ray Emery without a rebound.
13:37 of 2nd period - Samuel Pahlsson wins face-off versus Petri Kontiola in Harfangs zone.
13:52 of 2nd period - Wrist shot by Petri Kontiola.
13:52 of 2nd period - Shot Misses the Net.
14:09 of 2nd period - Off-side.
14:10 of 2nd period - Samuel Pahlsson wins face-off versus Petri Kontiola in neutral zone.
14:47 of 2nd period - Icing by Victor Bartley.
14:48 of 2nd period - Brandon Mashinter wins face-off versus Petri Kontiola in Harfangs zone.
14:49 of 2nd period - Slapshot by Doug Janik.
14:49 of 2nd period - Stopped by Ray Emery without a rebound.
14:50 of 2nd period - Samuel Pahlsson wins face-off versus Alex Killorn in Harfangs zone.
14:51 of 2nd period - Slapshot by Doug Janik.
14:51 of 2nd period - Stopped by Ray Emery with a rebound.
14:53 of 2nd period - Wrist shot by Jeff Finger.
14:53 of 2nd period - Stopped by Ray Emery without a rebound.
14:54 of 2nd period - Samuel Pahlsson wins face-off versus Chris Kreider in Harfangs zone.
15:05 of 2nd period - Snap shot by Samuel Pahlsson.
15:05 of 2nd period - Stopped by Ray Emery with a rebound.
15:48 of 2nd period - Minor Penalty to Ray Macias for Holding Stick.
15:49 of 2nd period - Petri Kontiola wins face-off versus Samuel Pahlsson in Thunder zone.
15:56 of 2nd period - Icing by Roman Wick.
15:57 of 2nd period - Petri Kontiola wins face-off versus Samuel Pahlsson in Harfangs zone.
16:22 of 2nd period - Snap shot by Chris Kreider.
16:22 of 2nd period - Shot Misses the Net.
16:24 of 2nd period - Slapshot by Andrew Orpik.
16:24 of 2nd period - Stopped by Devan Dubnyk with a rebound.
16:26 of 2nd period - Wrist shot by Chris Kreider.
16:26 of 2nd period - Shot Misses the Net.
16:28 of 2nd period - Snap shot by Chris Kreider.
16:28 of 2nd period - Stopped by Devan Dubnyk with a rebound.
16:30 of 2nd period - Wrist shot by Chris Kreider.
16:30 of 2nd period - Shot Misses the Net.
17:48 of 2nd period - Penalty to Ray Macias is over, Ray Macias is back on ice.
17:56 of 2nd period - Off-side.
17:57 of 2nd period - Kyle Palmieri wins face-off versus Brandon Mashinter in neutral zone.
18:00 of 2nd period - Wrist shot by Dustin Jeffrey.
18:00 of 2nd period - Deflect By Craig Smith.
18:00 of 2nd period - Stopped by Devan Dubnyk without a rebound.
18:01 of 2nd period - Craig Smith wins face-off versus Brandon Mashinter in Thunder zone.
18:02 of 2nd period - Snap shot by Dustin Jeffrey.
18:02 of 2nd period - Stopped by Devan Dubnyk without a rebound.
18:03 of 2nd period - Brandon Mashinter wins face-off versus Craig Smith in Thunder zone.
18:36 of 2nd period - Icing by Derek Peltier.
18:37 of 2nd period - Samuel Pahlsson wins face-off versus Peter Olvecky in Thunder zone.
18:42 of 2nd period - Snap shot by Adam Hall.
18:42 of 2nd period - Shot Misses the Net.
19:42 of 2nd period - Snap shot by Adam Hall.
19:42 of 2nd period - Shot Misses the Net.
19:44 of 2nd period - Slapshot by Doug Janik.
19:44 of 2nd period - Stopped by Ray Emery without a rebound.
19:45 of 2nd period - Petri Kontiola wins face-off versus Samuel Pahlsson in Harfangs zone.
Goals for this period are 0 for Thunder vs 1 for Harfangs.
Shots for this period are 8 for Thunder vs 9 for Harfangs.
3rd period
0:01 of 3rd period - Samuel Pahlsson wins face-off versus Petri Kontiola in neutral zone.
0:12 of 3rd period - Slapshot by Dany Roussin.
0:12 of 3rd period - Stopped by Ray Emery with a rebound.
0:14 of 3rd period - Slapshot by Jeff Finger.
0:14 of 3rd period - Stopped by Ray Emery without a rebound.
0:15 of 3rd period - Samuel Pahlsson wins face-off versus Alex Killorn in Harfangs zone.
0:26 of 3rd period - Wrist shot by Samuel Pahlsson.
0:26 of 3rd period - Stopped by Ray Emery without a rebound.
0:27 of 3rd period - Samuel Pahlsson wins face-off versus Roman Wick in Harfangs zone.
0:40 of 3rd period - Samuel Pahlsson is hit by Roman Wick and loses puck.
0:51 of 3rd period - Minor Penalty to Peter Olvecky for Hooking.
0:52 of 3rd period - Samuel Pahlsson wins face-off versus Petri Kontiola in Harfangs zone.
0:53 of 3rd period - Snap shot by Adam Hall.
0:53 of 3rd period - Deflect By Petri Kontiola.
0:53 of 3rd period - Shot Blocked by Mark Giordano.
0:53 of 3rd period - Puck is out of play.
0:54 of 3rd period - Samuel Pahlsson wins face-off versus Petri Kontiola in Harfangs zone.
0:57 of 3rd period - Slapshot by Dany Roussin.
0:57 of 3rd period - Shot Misses the Net.
0:59 of 3rd period - Snap shot by Jeff Finger.
0:59 of 3rd period - Shot Blocked by Sasha Pokulok.
1:01 of 3rd period - Slapshot by Jeff Finger.
1:01 of 3rd period - Shot Misses the Net.
1:03 of 3rd period - Wrist shot by Samuel Pahlsson.
1:03 of 3rd period - Shot Blocked by Sasha Pokulok.
1:05 of 3rd period - Slapshot by Doug Janik.
1:05 of 3rd period - Stopped by Ray Emery without a rebound.
1:06 of 3rd period - Samuel Pahlsson wins face-off versus Petri Kontiola in Harfangs zone.
2:51 of 3rd period - Penalty to Peter Olvecky is over, Peter Olvecky is back on ice.
3:01 of 3rd period - Snap shot by Matt D'Agostini.
3:01 of 3rd period - Shot Misses the Net.
3:19 of 3rd period - Chris Kreider is hit by Samuel Pahlsson and loses puck.
7:24 of 3rd period - Derek Peltier is hit by Craig Smith and loses puck.
7:31 of 3rd period - Minor Penalty to Pierre-Alexandre Parenteau for Tripping.
7:32 of 3rd period - Samuel Pahlsson wins face-off versus Petri Kontiola in Thunder zone.
9:31 of 3rd period - Penalty to Pierre-Alexandre Parenteau is over, Pierre-Alexandre Parenteau is back on ice.
9:47 of 3rd period - Minor Penalty to Kyle Palmieri for Hooking.
9:48 of 3rd period - Petri Kontiola wins face-off versus Samuel Pahlsson in Harfangs zone.
10:12 of 3rd period - Chris Kreider is hit by Pierre-Alexandre Parenteau and loses puck.
10:21 of 3rd period - Slapshot by Doug Janik.
10:21 of 3rd period - Shot Misses the Net.
10:23 of 3rd period - Snap shot by Pierre-Alexandre Parenteau.
10:23 of 3rd period - Stopped by Ray Emery with a rebound.
10:29 of 3rd period - Minor Penalty to Chris Kreider for Tripping.
10:30 of 3rd period - Samuel Pahlsson wins face-off versus Petri Kontiola in Harfangs zone.
10:45 of 3rd period - Wrist shot by Doug Janik.
10:45 of 3rd period - Goal by Doug Janik - Thunder : 2 - Harfangs : 4.
10:46 of 3rd period - Samuel Pahlsson wins face-off versus Petri Kontiola in neutral zone.
12:29 of 3rd period - Penalty to Chris Kreider is over, Chris Kreider is back on ice.
12:50 of 3rd period - Snap shot by Alex Killorn.
12:50 of 3rd period - Shot Hit the Post.
12:52 of 3rd period - Wrist shot by Chris Kreider.
12:52 of 3rd period - Shot Misses the Net.
12:54 of 3rd period - Slapshot by Nick Holden.
12:54 of 3rd period - Shot Blocked by Doug Janik.
12:56 of 3rd period - Slapshot by Victor Bartley.
12:56 of 3rd period - Shot Misses the Net.
12:58 of 3rd period - Slapshot by Alex Killorn.
12:58 of 3rd period - Shot Misses the Net.
13:00 of 3rd period - Wrist shot by Alex Killorn.
13:00 of 3rd period - Stopped by Devan Dubnyk with a rebound.
13:02 of 3rd period - Wrist shot by Alex Killorn.
13:02 of 3rd period - Shot Blocked by Doug Janik.
13:28 of 3rd period - Victor Bartley is hit by Mat Clark.
13:50 of 3rd period - Wrist shot by Tomas Tatar.
13:50 of 3rd period - Shot Blocked by Joey Ryan.
13:52 of 3rd period - Wrist shot by Mike Hoffman.
13:52 of 3rd period - Stopped by Devan Dubnyk with a rebound.
13:54 of 3rd period - Slapshot by Nick Holden.
13:54 of 3rd period - Shot Misses the Net.
14:08 of 3rd period - Wrist shot by Peter Olvecky.
14:08 of 3rd period - Shot Misses the Net.
14:15 of 3rd period - Icing by Casey Pierro-Zabotel.
14:16 of 3rd period - Brandon Mashinter wins face-off versus Drew Shore in Thunder zone.
14:43 of 3rd period - Snap shot by Peter Olvecky.
14:43 of 3rd period - Stopped by Devan Dubnyk with a rebound.
14:57 of 3rd period - Matt D'Agostini is hit by Dustin Jeffrey and loses puck.
15:05 of 3rd period - Minor Penalty to Brandon Mashinter for Hooking.
15:06 of 3rd period - Petri Kontiola wins face-off versus Samuel Pahlsson in Thunder zone.
15:06 of 3rd period - Snap shot by Peter Olvecky.
15:06 of 3rd period - Stopped by Devan Dubnyk with a rebound.
15:16 of 3rd period - Snap shot by Petri Kontiola.
15:16 of 3rd period - Shot Misses the Net.
15:32 of 3rd period - Michal Repik is hit by Scott Parse and loses puck.
15:43 of 3rd period - Snap shot by Scott Parse.
15:43 of 3rd period - Goal by Scott Parse - Thunder : 3 - Harfangs : 4.
15:44 of 3rd period - Samuel Pahlsson wins face-off versus Petri Kontiola in neutral zone.
15:49 of 3rd period - Roman Wick is hit by Adam Hall and loses puck.
16:15 of 3rd period - Off-side.
16:16 of 3rd period - Petri Kontiola wins face-off versus Dany Roussin in neutral zone.
16:21 of 3rd period - Snap shot by Peter Olvecky.
16:21 of 3rd period - Shot Misses the Net.
17:02 of 3rd period - Ray Macias is hit by Alex Killorn and loses puck.
17:05 of 3rd period - Penalty to Brandon Mashinter is over, Brandon Mashinter is back on ice.
17:13 of 3rd period - Slapshot by Derek Peltier.
17:13 of 3rd period - Deflect By Brandon Mashinter.
17:13 of 3rd period - Shot Misses the Net.
17:13 of 3rd period - Puck is out of play.
17:14 of 3rd period - Brandon Mashinter wins face-off versus Craig Smith in Harfangs zone.
17:15 of 3rd period - Wrist shot by Matt D'Agostini.
17:15 of 3rd period - Stopped by Ray Emery without a rebound.
17:16 of 3rd period - Craig Smith wins face-off versus Brandon Mashinter in Harfangs zone.
17:25 of 3rd period - Slapshot by Craig Smith.
17:25 of 3rd period - Shot Misses the Net.
17:48 of 3rd period - Wrist shot by Brandon Mashinter.
17:48 of 3rd period - Deflect By Casey Pierro-Zabotel.
17:48 of 3rd period - Goal by Casey Pierro-Zabotel - Thunder : 4 - Harfangs : 4.
17:49 of 3rd period - Petri Kontiola wins face-off versus Daultan Leveillé in neutral zone.
17:58 of 3rd period - Jeff Finger is hit by Peter Olvecky and loses puck.
18:24 of 3rd period - Icing by Mark Giordano.
18:25 of 3rd period - Craig Smith wins face-off versus Samuel Pahlsson in Harfangs zone.
18:30 of 3rd period - Snap shot by Adam Hall.
18:30 of 3rd period - Shot Misses the Net.
18:42 of 3rd period - Slapshot by Craig Smith.
18:42 of 3rd period - Goal by Craig Smith - Thunder : 4 - Harfangs : 5.
18:43 of 3rd period - Brandon Mashinter wins face-off versus Craig Smith in neutral zone.
18:48 of 3rd period - Wrist shot by Matt D'Agostini.
18:48 of 3rd period - Stopped by Ray Emery with a rebound.
18:50 of 3rd period - Wrist shot by Casey Pierro-Zabotel.
18:50 of 3rd period - Shot Misses the Net.
18:52 of 3rd period - Wrist shot by Brandon Mashinter.
18:52 of 3rd period - Stopped by Ray Emery with a rebound.
18:54 of 3rd period - Snap shot by Jeff Finger.
18:54 of 3rd period - Stopped by Ray Emery without a rebound.
18:55 of 3rd period - Denis Savard call a timeout for Thunder.
18:55 of 3rd period - Dany Roussin wins face-off versus Petri Kontiola in Harfangs zone.
18:59 of 3rd period - Minor Penalty to Jeff Finger for Tripping.
19:00 of 3rd period - Petri Kontiola wins face-off versus Samuel Pahlsson in Thunder zone.
19:35 of 3rd period - Slapshot by Sasha Pokulok.
19:35 of 3rd period - Goal by Sasha Pokulok - Thunder : 4 - Harfangs : 6.
19:36 of 3rd period - Brandon Mashinter wins face-off versus Craig Smith in neutral zone.
Goals for this period are 3 for Thunder vs 2 for Harfangs.
Shots for this period are 12 for Thunder vs 6 for Harfangs.
Output by the SimonT Hockey Simulator (STHS) for François Prévost -- Original Page W3C XHTML 1.0 Valid